 Dungeon Crawl Stone Soup version 0.29-a0-542-g075992c915 (webtiles) character file.

Game seed: 11644839647455072073

1472 ytrimaz the Slicer (level 9, -3/70 (71) HPs)
             Began as a Meteoran Fighter on June 5, 2022.
             Was an Initiate of Ashenzari.
             Slain by a gnoll
             ... wielding a +0 flail
             ... led by a gnoll shaman
              (11 damage)
             ... on level 7 of the Dungeon.
             The game lasted 00:10:38 (4614 turns).

ytrimaz the Slicer (Meteoran Fighter)               Turns: 4614, Time: 00:10:38

HP:   -3/70 (71)    AC:  3    Str: 22    XL:     9   Next: 27%
MP:   10/10         EV: 10    Int:  7    God:    Ashenzari [......]
Gold: 308           SH:  6    Dex: 21    Spells: 8/8 levels left

rFire   . . .      SeeInvis .   a - +0 rapier
rCold   . . .      Faith    .   c - +0 buckler
rNeg    . . .      Spirit   .   v - +1 ring mail of Hairiness {rElec Regen+ Int-2 Stlth+}
rPois   .          Reflect  .   j - +0 helmet
rElec   +          Harm     .   (no cloak)
rCorr   .          Rampage  .   (no gloves)
Will    +....                   (no boots)
Stlth   +.........              (no amulet)
HPRegen 1.01/turn               t - +6 ring of dexterity
MPRegen 0.12/turn               w - ring of wizardry

@: corroded, glowing, lightly drained
A: sense surroundings 2, otherworldly, glowing, explore regen
a: Renounce Religion


You were on level 7 of the Dungeon.
You worshipped Ashenzari.
Ashenzari was noncommittal.
You visited 2 branches of the dungeon, and saw 8 of its levels.

You collected 308 gold pieces.

Inventory:

Hand Weapons
 a - a +0 rapier (weapon)
Armour
 b - a +0 scale mail
 c - a +0 buckler (worn)
 j - a +0 helmet (worn)
 v - the +1 ring mail of Hairiness (worn) {rElec Regen+ Int-2 Stlth+}
   (You found it on level 3 of the Dungeon)

   Int:       It affects your intelligence (-2).
   rElec:     It insulates you from electricity.
   Regen:     It increases your rate of health regeneration.
   Stlth:     It makes you more stealthy.
 x - a +0 tower shield
Jewellery
 t - a +6 ring of dexterity (left hand)
 w - a ring of wizardry (right hand)
 z - a +6 ring of intelligence
Wands
 n - a wand of acid (8)
 o - a wand of polymorph (21)
 y - a wand of iceblast (8)
Scrolls
 e - 4 scrolls of teleportation
 f - a scroll of amnesia {unknown}
 h - a scroll of blinking {unknown}
 l - a scroll of summoning
 m - 3 scrolls of immolation
 p - a scroll of poison
 q - 2 scrolls of vulnerability
 s - a scroll of enchant armour {unknown}
Potions
 d - a potion of invisibility {unknown}
 g - 2 potions of brilliance {unknown}
 i - a potion of degeneration {unknown}
 k - a potion of mutation {unknown}
 r - a potion of heal wounds
 u - 5 potions of curing {unknown}


   Skills:
 - Level 4.2 Fighting
 + Level 11.3 Short Blades
 - Level 3.6 Armour
 - Level 4.0 Shields


You had 8 spell levels left.
You didn't know any spells.
Your spell library contained the following spells:

 Spells                   Type           Power      Damage    Failure   Level
 Ozocubu's Armour         Ice            0%         N/A       71%         3
 Tukima's Dance           Hex            0%         N/A       71%         3
 Passage of Golubria      Tloc           0%         N/A       97%         4
 Metabolic Englaciation   Hex/Ice        0%         N/A       100%        5
 Summon Forest            Summ/Tloc      0%         N/A       100%        5
 Summon Mana Viper        Hex/Summ       0%         N/A       100%        5
 Yara's Violent Unravell  Hex/Tmut       0%         3d3       100%        5
 Simulacrum               Ice/Necr       0%         N/A       100%        6
 Summon Cactus Giant      Summ           0%         N/A       100%        6
 Borgnjor's Revivificati  Necr           0%         N/A       100%        8
 Necromutation            Tmut/Necr      0%         N/A       100%        8
 Death's Door             Necr           0%         N/A       100%        9


Dungeon Overview and Level Annotations

Branches:
Dungeon (7/15)             Temple (1/1) D:7

Altars:
Ashenzari
Cheibriados
Dithmenos
Elyvilon
Gozag
Makhleb
Nemelex Xobeh
Qazlal
Ru
Vehumet
Xom
Zin
The Shining One
Ignis


Innate Abilities, Weirdness & Mutations

You passively map the area around you.
You are easily found by Zot.
You glow in the dark.
You regain HP and MP as you explore.


Message History

The iguana hisses angrily.
A gnoll comes into view. It is wielding a +0 flail.
The gnoll shaman calls upon its god to speed up the gnoll.
The gnoll seems to speed up.
The jelly quivers.
A gnoll comes into view. It is wielding a +0 halberd.
You puncture the jelly!
Your hands burn!
The jelly is severely wounded.
The jelly hits you but does no damage. You block the gnoll's attack.
The iguana bites you but does no damage.
The jelly hits you but does no damage.
The gnoll shaman hits you with a +0 whip!
The gnoll barely misses you. The iguana attacks as you move away!
The iguana bites you! The gnoll hits you but does no damage.
You block the jelly's attack. The gnoll hits you with a +0 club.
You hit the jelly.
Your hands burn!
The jelly is almost dead.
You block the gnoll's attack. The gnoll hits you with a +0 flail.
The iguana closely misses you. The jelly hits you. The acid corrodes you!
You are splashed with acid!
You hit the jelly but do no damage.
Your hands burn!
The jelly is almost dead.
The gnoll hits you with a +0 club.
You puncture the jelly!
You kill the jelly!
The iguana bites you. The gnoll hits you with a +0 flail!
* * * LOW HITPOINT WARNING * * *
You block the gnoll's attack.
You hit the gnoll shaman.
The gnoll shaman is moderately wounded.
You block the gnoll's attack.
The gnoll shaman hits you with a +0 whip.
* * * LOW HITPOINT WARNING * * *
The gnoll hits you with a +0 flail!
* * * LOW HITPOINT WARNING * * *
You block the gnoll's attack. You block the iguana's attack.
Found 3 scrolls labelled BONEGH IBRYI.
The gnoll hits you with a +0 flail!
You die...

,,
...........#.#....))..#,
...............######.#,*
............#.## .#, ,,
..............# <#,
...........#######* ## *
........g.g....... , , ,
.........l.###### * , , ,
.........gg# ** * * * ,
,......)...@# , , ,,,
...........# * * * * *
*##.##.#.#..# * #...#..#
,* ,,..#..#..# ,* *
.,#.,#..# * * * , ,#..#
,, ** * * ,#.?# * * , ,
,*


You could see a gnoll shaman, an iguana and 3 gnolls.

Vanquished Creatures
  A water moccasin (D:3)
  A sky beast (D:7)
  An ogre (D:5)
  7 scorpions
  A bullfrog (D:5)
  2 howler monkeys
  3 jellies
  An orc priest (D:7)
  6 hounds
  Natasha (thrice) (D:2)
  2 iguanas
  An orc wizard (D:4)
  Robin (D:3)
  A gnoll (D:6)
  9 adders
  A white imp (D:5)
  A worm (D:2)
  3 dart slugs
  13 orcs
  8 ball pythons
  5 endoplasms
  3 giant cockroaches
  5 goblins
  8 hobgoblins
  3 kobolds
  4 quokkas
  2 bats
  4 frilled lizards
  7 rats
107 creatures vanquished.

Notes
Turn   | Place    | Note
-------+----------+-------------------------------------------
     0 | D:1      | ytrimaz the Meteoran Fighter began the quest for the Orb.
     0 | D:1      | Reached XP level 1. HP: 19/19 MP: 2/2
    78 | D:1      | Reached XP level 2. HP: 26/26 MP: 3/3
   496 | D:1      | Glimpsed the power of Zot.
   546 | D:1      | Glimpsed the power of Zot.
   586 | D:1      | Glimpsed the power of Zot.
   602 | D:2      | Noticed Natasha
   611 | D:2      | Killed Natasha
   612 | D:2      | Reached skill level 3 in Short Blades
   612 | D:2      | Reached XP level 3. HP: 22/33 MP: 4/4
   612 | D:2      | Reached XP level 4. HP: 26/40 MP: 5/5
   684 | D:2      | Noticed Natasha
   697 | D:2      | Killed Natasha
   837 | D:2      | Reached skill level 4 in Short Blades
   837 | D:2      | Reached XP level 5. HP: 46/46 MP: 6/6
   900 | D:2      | Found a faded altar of an unknown god.
  1092 | D:2      | Glimpsed the power of Zot.
  1119 | D:2      | Noticed Natasha
  1129 | D:2      | Killed Natasha
  1143 | D:2      | Glimpsed the power of Zot.
  1154 | D:3      | Reached skill level 5 in Short Blades
  1192 | D:3      | Reached XP level 6. HP: 52/52 MP: 7/7
  1343 | D:3      | Noticed a water moccasin
  1371 | D:3      | Killed a water moccasin
  1372 | D:3      | Reached skill level 6 in Short Blades
  1695 | D:3      | Glimpsed the power of Zot.
  1745 | D:3      | Glimpsed the power of Zot.
  1785 | D:3      | Glimpsed the power of Zot.
  1794 | D:3      | Glimpsed the power of Zot.
  1795 | D:3      | Touched by the power of Zot.
  1896 | D:3      | Glimpsed the power of Zot.
  1915 | D:3      | Noticed Robin
  1940 | D:3      | Killed Robin
  1948 | D:3      | Glimpsed the power of Zot.
  1977 | D:3      | Identified the +1 ring mail of Hairiness {rElec Regen+
                  | Int-2 Stlth+}
  1988 | D:3      | Glimpsed the power of Zot.
  1997 | D:3      | Glimpsed the power of Zot.
  1998 | D:3      | Touched by the power of Zot.
  2099 | D:3      | Glimpsed the power of Zot.
  2296 | D:4      | Reached XP level 7. HP: 7/25 MP: 8/8
  2335 | D:4      | Reached skill level 7 in Short Blades
  2705 | D:4      | Glimpsed the power of Zot.
  2755 | D:4      | Glimpsed the power of Zot.
  2795 | D:4      | Glimpsed the power of Zot.
  2804 | D:4      | Glimpsed the power of Zot.
  2805 | D:4      | Touched by the power of Zot.
  2832 | D:5      | Entered Level 5 of the Dungeon
  2841 | D:5      | Reached skill level 8 in Short Blades
  3025 | D:5      | Reached XP level 8. HP: 25/42 MP: 9/9
  3175 | D:5      | Reached skill level 9 in Short Blades
  3516 | D:5      | Glimpsed the power of Zot.
  3566 | D:5      | Glimpsed the power of Zot.
  3606 | D:5      | Glimpsed the power of Zot.
  3615 | D:5      | Glimpsed the power of Zot.
  3616 | D:5      | Touched by the power of Zot.
  3717 | D:5      | Glimpsed the power of Zot.
  3851 | D:6      | Reached skill level 10 in Short Blades
  3977 | D:6      | Gained mutation: You passively map the area around you.
                  | [Meteoran growth]
  3977 | D:6      | Reached XP level 9. HP: 56/59 MP: 10/10
  4091 | D:6      | Identified the +3 quarterstaff of Insomnia {freeze, rCorr
                  | Dex+3}
  4316 | D:6      | Found a glowing golden altar of the Shining One.
  4337 | D:6      | Glimpsed the power of Zot.
  4381 | D:7      | Found a staircase to the Ecumenical Temple.
  4479 | Temple   | Entered the Ecumenical Temple
  4535 | Temple   | Became a worshipper of Ashenzari the Shackled
  4561 | D:7      | Reached skill level 11 in Short Blades
  4614 | D:7      | Slain by a gnoll

Illustrated notes

Levels and vault maps discovered:
D:1:      evilmike_arrival_plus, layout_loops_ring, dreamdust_mushroom_princess
D:2:      layout_basic, chequers_ecumenical_altar_grove,
          kennysheep_generic_room_13, uniq_natasha
D:3:      layout_basic, minmay_mini_jars, uniq_robin
D:4:      layout_loops_corners, due_unseen_surprise
D:5:      layout_cave_pools, serial_co_window_serial, co_window_corner_a,
          co_window_of_opportunity_a, co_window_paths_b, co_window_paths_b,
          co_window_paths_a, co_window_corner_b, co_window_corner_b,
          co_window_corner_b, co_window_cross_4, co_window_cross_3,
          co_window_cross_2, co_window_4corner_a, co_window_4corner_b,
          glass_columns_b, glass_columns_b, glass_columns_a
D:6:      layout_basic, mainiacjoe_overflow_alcove_2,
          chequers_temple_overflow_statue_of_worship,
          nicolae_elevator_lobby_asterisk
D:7:      layout_basic, nicolae_wu_jian_wuxing_cycle,
          minmay_temple_entry_sparse_star, chequers_mini_garden,
          minmay_hedge_maze
Temple:   pdpol_scorched_temple

Skill      XL: |  1  2  3  4  5  6  7  8  9 |
---------------+----------------------------+-----
Shields        | 4 |  4.0
Fighting       | 4 |  4.2
Short Blades   | 3 4 5 6 8 10 11 | 11.3
Armour         | |  3.6

Action                   |  1- 3 |  4- 6 |  7- 9 || total
-------------------------+-------+-------+-------++-------
Melee: Rapier            |    36 |   169 |   231 ||   436
       Unarmed           |       |     9 |       ||     9
  Use: Potion            |       |     2 |     1 ||     3
       Scroll            |       |     1 |     6 ||     7
 Stab: Confused          |       |     1 |       ||     1
Armor: Scale mail        |    12 |    75 |       ||    87
       Skin              |       |     7 |       ||     7
       Ring mail         |       |     5 |    75 ||    80
Dodge: Dodged            |    11 |    61 |    63 ||   135
Block: Buckler           |     3 |    36 |    62 ||   101

Table legend: (Time is in decaauts)
 A = Elapsed time spent in this place.
 B = Non-inter-level travel time spent in this place.
 C = Inter-level travel time spent in this place.
 D = Time resting spent in this place.
 E = Time spent auto-exploring this place.
 F = Levels seen in this place.
 G = Mean time per level.
                   A        B        C        D        E       F      G
               +--------+--------+--------+--------+--------+-----+--------+
         Total |   4565 |   4390 |    175 |    152 |   2614 |   8 |  570.6 |
       Dungeon |   4496 |   4321 |    175 |    152 |   2614 |   7 |  642.3 |
        Temple |     68 |     68 |      0 |      0 |      0 |   1 |   68.0 |
               +--------+--------+--------+--------+--------+-----+--------+

Top non-repeatable levels by time:
     D:3: 984 daAuts
     D:5: 928 daAuts
     D:4: 690 daAuts
     D:1: 597 daAuts
     D:6: 566 daAuts
     D:2: 554 daAuts
     D:7: 174 daAuts
  Temple: 68 daAuts
